 Dungeon Crawl Stone Soup version 0.24.1 (webtiles) character file.

Game seed: 11651387392956394241, levelgen mode: deterministic

72 Destapler the Chiller (level 4, -5/33 HPs)
             Began as a Draconian Ice Elementalist on Apr 1, 2020.
             Slain by a bullfrog (8 damage)
             ... on level 6 of the Dungeon.
             The game lasted 00:06:43 (2109 turns).

Destapler the Chiller (Draconian Ice Elementalist)  Turns: 2109, Time: 00:06:43

Health: -5/33      AC:  5    Str: 10    XL:     4   Next: 7%
Magic:  1/7        EV: 12    Int: 17    God:
Gold:   42         SH:  0    Dex: 11    Spells: 5/8 levels left

rFire    . . .     SeeInvis .   c - +0 dagger
rCold    . . .     Gourm    .   (no shield)
rNeg     . . .     Faith    .   (armour unavailable)
rPois    .         Spirit   .   (helmet restricted)
rElec    .         Reflect  .   (no cloak)
rCorr    .         Harm     .   (no gloves)
MR       .....                  (no boots)
Stlth    ++........             (no amulet)
HPRegen  0.11/turn              (no ring)
MPRegen  0.10/turn              (no ring)

@: no status effects
A: unfitting armour, cold-blooded, AC +5
a: no special abilities


You were on level 6 of the Dungeon.
You were not hungry.

You visited 1 branch of the dungeon, and saw 4 of its levels.

You collected 42 gold pieces.

Inventory:

Hand Weapons
 c - a +0 dagger (weapon)
Missiles
 g - 18 poisoned darts (quivered)
Jewellery
 k - an uncursed ring of flight {unknown}
Scrolls
 a - 4 scrolls of remove curse {unknown}
 d - 2 scrolls of immolation {unknown}
 f - 4 scrolls of identify {unknown}
 h - 2 scrolls of teleportation {unknown}
Potions
 e - a potion of brilliance {unknown}
 i - a potion of resistance {unknown}
 l - 2 potions of heal wounds {unknown}
 m - a potion of curing {unknown}
Comestibles
 b - 5 rations
 j - 3 chunks of flesh


   Skills:
 + Level 0.2 Fighting
 + Level 2.4 Dodging
 + Level 2.4 Stealth
 + Level 2.6 Spellcasting
 + Level 1.2 Conjurations
 + Level 3.5 Ice Magic


You had 5 spell levels left.
You knew the following spells:

 Your Spells              Type           Power        Failure   Level  Hunger
a - Freeze                Ice            ##..         4%          1    #......
b - Throw Frost           Conj/Ice       ##....       11%         2    ##.....

Your spell library contained the following spells:

 Spells                   Type           Power        Failure   Level  Hunger
 Ozocubu's Armour         Chrm/Ice       #.......     26%         3    ###....
 Throw Icicle             Conj/Ice       ##......     56%         4    #####..
 Summon Ice Beast         Ice/Summ       #.......     65%         4    #####..


Dungeon Overview and Level Annotations

Branches:
Dungeon (3/15)

Altars:


Innate Abilities, Weirdness & Mutations

Your plain brown scales are hard. (AC +5)
You cannot fit into any form of body armour.
You are cold-blooded and may be slowed by cold attacks.


Message History

The bullfrog is lightly wounded.
The bullfrog hits you.
* * * LOW HITPOINT WARNING * * *
Casting: Freeze (safe; 4% risk of failure)
Confirm with . or Enter, or press ? or * to list all spells.
Aiming: Freeze (safe; 4% risk of failure)
Press: ? - help, Shift-Dir - straight line, f/p - bullfrog
Aim: a bullfrog (lightly wounded, slow)
You freeze the bullfrog.
The bullfrog is moderately wounded.
The bullfrog is no longer moving slowly.
The bullfrog hits you.
* * * LOW HITPOINT WARNING * * *
Casting: Freeze (safe; 4% risk of failure)
Confirm with . or Enter, or press ? or * to list all spells.
You don't have enough magic to cast that spell.
The bullfrog hits you but does no damage.
There is an escape hatch in the floor here.
The bullfrog hits you!
You die...

. ....
.....#####
.......@.####
.....#..F>..#
88# ##.#..!#
#...###
#...###
.([#.. .#####


You could see a bullfrog.

Vanquished Creatures
  2 adders (D:2)
  A worm (D:6)
  A dart slug (D:1)
  2 leopard geckos
  4 giant cockroaches
  6 goblins
  3 hobgoblins
  2 jackals (D:2)
  A quokka (D:2)
  8 bats
  A frilled lizard (D:1)
  6 kobolds (D:1)
  9 rats
46 creatures vanquished.

Notes
Turn   | Place    | Note
-------+----------+-------------------------------------------
     0 | D:1      | Destapler the Draconian Ice Elementalist began the quest
                  | for the Orb.
     0 | D:1      | Reached XP level 1. HP: 14/14 MP: 3/3
   194 | D:1      | Reached XP level 2. HP: 20/20 MP: 5/5
  1085 | D:1      | Reached XP level 3. HP: 26/26 MP: 6/6
  1654 | D:2      | Learned a level 2 spell: Throw Frost
  2074 | D:3      | Reached XP level 4. HP: 33/33 MP: 5/7
  2098 | D:3      | You fall into a shaft and drop 3 floors!
  2099 | D:6      | Noticed a bullfrog
  2109 | D:6      | Slain by a bullfrog

Levels and vault maps discovered:
D:1:      minmay_arrival_shattered_statue, layout_loops_ring
D:2:      layout_basic
D:3:      layout_basic
D:6:      layout_rooms, marbit_many_paths, minmay_temple_entry_statues,
          serial_shops, shop, minmay_a_box_with_orc_wizards_in_it, uniq_edmund,
          uniq_grinder

Skill      XL: |  1 |
---------------+----+-----
Stealth        | 2 |  2.4
Dodging        | 2 |  2.4
Fighting       | |  0.2
Spellcasting   | |  2.6
Conjurations   | |  1.2
Ice Magic      | |  3.5

Action                   |  1- 3 |  4- 6 || total
-------------------------+-------+-------++-------
Melee: Unarmed           |    11 |       ||    11
       Dagger            |    90 |       ||    90
       Tailslap          |    11 |       ||    11
Throw: Dart              |    12 |       ||    12
 Cast: Freeze            |    35 |     8 ||    43
 Stab: Sleeping          |     7 |       ||     7
  Eat: Chunk             |     4 |       ||     4
Armor: Skin              |    66 |     4 ||    70
Dodge: Dodged            |   111 |     4 ||   115
